 Dungeon Crawl Stone Soup version 0.30.0-29-ga12c61a403 (webtiles) character file.

Game seed: 6417438956889977202

233 seaoflcl the Chopper (level 5, -2/42 HPs)
             Began as a Demigod Fighter on June 4, 2023.
             Splashed by a jelly's acid (9 damage)
             ... on level 4 of the Dungeon.
             The game lasted 00:04:46 (2012 turns).

seaoflcl the Chopper (Demigod Fighter)              Turns: 2012, Time: 00:04:47

Health: -2/42      AC:  0    Str: 21    XL:     5   Next: 46%
Magic:  7/7        EV:  9    Int: 10    God:
Gold:   205        SH:  4    Dex: 13    Spells: 4/4 levels left

rFire   . . .        f - +2 hand axe (vamp)
rCold   . . .        c - +0 buckler
rNeg    . . .        b - +0 scale mail
rPois   .            u - +0 helmet
rElec   .            (no cloak)
rCorr   .            w - +0 pair of gloves
SInv    .            (no boots)
Will    .....        (no amulet) Stlth
                     (no ring)
HPRegen 0.27/turn    (no ring)
MPRegen 0.10/turn

%: no passive effects
@: lethally poisoned (-2 -> -9), corroded
A: high MP 1, forlorn, divine attributes
a: no special abilities


You were on level 4 of the Dungeon.
You visited 1 branch of the dungeon, and saw 4 of its levels.

You collected 205 gold pieces.

Inventory:

Hand Weapons
 a - a +0 long sword
 f - a +2 vampiric hand axe (weapon)
Missiles
 l - 8 boomerangs (quivered)
Armour
 b - a +0 scale mail (worn)
 c - a +0 buckler (worn)
 u - a +0 helmet (worn)
 w - a +0 pair of gloves (worn)
Jewellery
 e - a ring of wizardry
 s - a ring of flight
Wands
 k - a wand of flame (20)
 r - a wand of charming (12)
Scrolls
 h - 3 scrolls of immolation
 j - a scroll of enchant weapon {unknown}
 n - a scroll of magic mapping {unknown}
 o - a scroll of poison {unknown}
 t - a scroll of identify
Potions
 d - a potion of might
 g - a potion of heal wounds
 i - a potion of curing
 m - a potion of degeneration {unknown}
 p - a potion of attraction {unknown}
 q - a potion of magic {unknown}
 v - a potion of haste {unknown}


   Skills:
 - Level 2.7 Fighting
 - Level 1.9 Long Blades
 + Level 5.0 Axes
 - Level 2.7 Armour
 - Level 2.7 Shields


You had 4 spell levels left.
You didn't know any spells.
Your spell library contained the following spells:

 Spells                   Type           Power      Damage    Failure   Level
 Cigotuvi's Dreadful Rot  Necr/Pois/Air  0%         N/A       89%         2
 Ignite Poison            Fire/Tmut/Pois 0%         N/A       98%         3
 Freezing Cloud           Conj/Ice/Air   0%         6-21      100%        5


Dungeon Overview and Level Annotations

Branches:
Dungeon (4/15)
 Temple: D:4-7

Shops:
D:1 [   D:3 =


Innate Abilities, Weirdness & Mutations

You have an increased reservoir of magic. (+10% MP)
You shall have no god before yourself.
Your divine heritage dramatically boosts your attributes as you level up.


Message History

w - a +0 pair of gloves You start putting on your armour.
You continue putting on your +0 pair of gloves. x4
You finish putting on your +0 pair of gloves.
There is an entrance to Joschal's Jewellery Boutique here.
Things that are here:
a +1 flail of holy wrath; an orc skeleton You see here a +0 short sword.
Done exploring.
Done exploring.
Done exploring.
You see here a +0 short sword.
There is a stone staircase leading down here.
You climb downwards.
The jelly quivers.
There is a stone staircase leading up here.
You hit the jelly. The acid corrodes you!
Your hands burn!
The jelly is moderately wounded.
The jelly hits you but does no damage.
You hit the jelly.
Your hands burn!
The jelly is heavily wounded.
The jelly barely misses you.
You hit the jelly.
You feel better.
Your hands burn!
The jelly is severely wounded.
The jelly hits you but does no damage.
You hit the jelly.
Your hands burn!
The jelly is almost dead.
The jelly hits you. The acid corrodes you!
You are splashed with acid!
The scorpion stings you!
* * * LOW HITPOINT WARNING * * *
You are poisoned.
The scorpion poisons you!
* * * LOW HITPOINT WARNING * * *
You feel very sick. The scorpion barely misses you.
The goblin hits you with a +0 club.
* * * LOW HITPOINT WARNING * * *
The jelly hits you.
* * * LOW HITPOINT WARNING * * *
The acid corrodes you!
You are splashed with acid!
You die...

.....#
....##
#.....
#....
#....
#...#
#.Js#
#..@#
#..g#
#...#
#...#
+...#
#....
#....
#....


You could see a scorpion, a jelly and a goblin.

Vanquished Creatures
  An orc priest (D:3)
  A hound (D:3)
  Robin (D:3)
  3 gnolls (D:3)
  4 adders
  2 worms (D:2)
  3 dart slugs
  3 orcs (D:3)
  4 ball pythons
  6 bats
  6 endoplasms
  5 giant cockroaches
  11 goblins
  9 hobgoblins
  4 jackals (D:2)
  2 kobolds (D:3)
  4 quokkas
  3 frilled lizards
  9 rats
81 creatures vanquished.

Notes
Turn   | Place    | Note
-------+----------+-------------------------------------------
     0 | D:1      | seaoflcl the Demigod Fighter began the quest for the Orb.
     0 | D:1      | Reached XP level 1. HP: 18/18 MP: 3/3
    68 | D:1      | Found Iraf's Armour Shop.
   172 | D:1      | Reached skill level 1 in Axes
   205 | D:1      | Reached XP level 2. HP: 25/25 MP: 4/4
   379 | D:1      | Reached skill level 2 in Axes
   528 | D:2      | Reached XP level 3. HP: 26/30 MP: 5/5
   746 | D:2      | Reached skill level 3 in Axes
   982 | D:2      | Reached XP level 4. HP: 37/37 MP: 6/6
  1263 | D:3      | Reached skill level 4 in Axes
  1531 | D:3      | Reached XP level 5. HP: 20/42 MP: 7/7
  1725 | D:3      | Noticed Robin
  1752 | D:3      | Killed Robin
  1753 | D:3      | Reached skill level 5 in Axes
  1900 | D:3      | Found Joschal's Jewellery Boutique.
  2012 | D:4      | Splashed by a jelly's acid

Illustrated notes

Levels and vault maps discovered:
D:1:      dpeg_arrival_simpleton_b, layout_loops_ring, serial_shops, shop,
          nicolae_kite_square_tiling_tiny, nrook_mini_vaults,
          minmay_pentomino_t2
D:2:      layout_loops_ring, basic_altar,
          nicolae_concentric_dashed_squares_wild, dreamdust_princess_corridor
D:3:      layout_rooms, serial_shops, shop, minivault_27,
          kennysheep_nondescript, hangedman_decor_points, uniq_robin
D:4:      layout_gridville, minmay_temple_entry_statues_pillars, serial_shops,
          nicolae_shop_stone, minmay_manual_mail

Skill      XL: |  1  2  3  4  5 |
---------------+----------------+-----
Axes           | 1 2 3 4 5 |  5.0
Fighting       | |  2.7
Long Blades    | |  1.9
Armour         | |  2.7
Shields        | |  2.7

Action                     |  1- 3 |  4- 6 || total
---------------------------+-------+-------++-------
  Melee: Hand axe          |   139 |   105 ||   244
         Long sword        |     2 |       ||     2
    Use: Scroll            |       |     3 ||     3
 Armour: Scale mail        |    60 |    39 ||    99
  Dodge: Dodged            |    61 |    41 ||   102
  Block: Buckler           |    22 |    28 ||    50
